 Dungeon Crawl Stone Soup version 0.24-b1-48-gd9db55c (webtiles) character file.

Game seed: 14215552696050336547, levelgen mode: deterministic

40434 sanboga the Severer (level 13, -9/118 HPs)
             Began as a Minotaur Berserker on Oct 24, 2019.
             Was the Champion of Trog.
             Killed from afar by a rime drake (25 damage)
             ... with a flash freeze
             ... on level 5 of the Lair of Beasts.
             The game lasted 00:22:57 (14773 turns).

sanboga the Severer (Minotaur Berserker)           Turns: 14773, Time: 00:22:58

Health: -9/118     AC: 19    Str: 26    XL:     13   Next: 74%
Magic:  0/12       EV:  8    Int: 11    God:    Trog [******]
Gold:   875        SH: 16    Dex: 13    Spells: 12/12 levels left

rFire    x . .     SeeInvis .   I - +9 war axe "Lytrag" {speed, rF- Int+7}
rCold    . . .     Gourm    .   r - +0 shield
rNeg     . . .     Faith    .   m - +0 plate armour
rPois    .         Spirit   +   G - +1 hat {MR+}
rElec    .         Reflect  +   n - scarf {Spirit}
rCorr    +         Harm     .   e - +0 pair of gloves
MR       +....                  g - +0 pair of boots (curse)
Stlth    ..........             t - +3 amulet of reflection
HPRegen  0.29/turn              o - +2 ring of dexterity
MPRegen  0.13/turn              v - ring of resist corrosion

@: berserk cooldown, slowed, very slow
A: retaliatory headbutt, horns 2
a: Berserk, Trog's Hand, Brothers in Arms, Renounce Religion


You were on level 5 of the Lair of Beasts.
You worshipped Trog.
Trog was exalted by your worship.
You were very hungry.

You visited 2 branches of the dungeon, and saw 17 of its levels.

You collected 1123 gold pieces.
You spent 248 gold pieces at shops.

Inventory:

Hand Weapons
 F - a +0 broad axe
 I - the +9 war axe "Lytrag" (weapon) {speed, rF- Int+7}
   (You found it on level 2 of the Lair of Beasts)

   Attacks with this weapon are significantly faster.
   It affects your intelligence (+7).
   It makes you vulnerable to fire.
Armour
 e - a +0 pair of gloves (worn)
 g - a cursed +0 pair of boots (worn)
 m - a +0 plate armour (worn)
 n - a scarf of spirit shield (worn)
 r - a +0 shield (worn)
 G - a +1 hat of magic resistance (worn)
Jewellery
 o - a +2 ring of dexterity (left hand)
 t - a +3 amulet of reflection (around neck)
 v - a ring of resist corrosion (right hand)
 J - an uncursed ring of flight {unknown}
Wands
 a - a wand of flame (18)
 q - a wand of disintegration (16)
 w - a wand of paralysis (11)
 z - a wand of acid (8)
 B - a wand of digging (7)
Scrolls
 b - 3 scrolls of fear
 d - 4 scrolls of remove curse
 i - 3 scrolls of enchant weapon
 k - 3 scrolls of blinking
 p - 6 scrolls of teleportation
 s - 4 scrolls of enchant armour
 y - 3 scrolls of fog
 C - 2 scrolls of magic mapping
 E - a scroll of summoning
Potions
 f - 4 potions of flight
 h - 2 potions of cancellation
 j - a potion of berserk rage
 l - 7 potions of curing
 u - 2 potions of invisibility
 x - a potion of ambrosia
 A - 2 potions of mutation
 D - 4 potions of resistance
Comestibles
 c - 24 rations
 K - 9 chunks of flesh


   Skills:
 + Level 12.2 Fighting
 * Level 16.3 Axes
 + Level 11.9 Armour
 - Level 2.1 Dodging
 + Level 11.2 Shields
 + Level 10.7 Unarmed Combat


You had 12 spell levels left.
You didn't know any spells.
Your spell library was empty.

Dungeon Overview and Level Annotations

Branches:
Dungeon (12/15)            Temple (0/1) D:4            Lair (5/6) D:10
 Shoals (0/4) Lair:4       Spider (0/4) Lair:4          Orc (0/2) D:10
  Slime: Lair:5-6

Altars:
Dithmenos
Fedhas
Gozag
Nemelex Xobeh
Qazlal
Ru
Sif Muna
Wu Jian
Xom
Zin
The Shining One

Shops:
D:8 *

Annotations:
D:5 Blork the orc


Innate Abilities, Weirdness & Mutations

You reflexively headbutt those who attack you in melee.
You have a pair of horns on your head.


Message History

The lindwurm breathes flames at you. The blast of flame hits you!!
The fire burns you terribly!
* * * LOW HITPOINT WARNING * * *
You are too berserk!
You feel a strong urge to attack something.
You are no longer berserk.
You are exhausted.
You feel yourself slow down.
You feel better. The ice encasing you melts away.
You block the rime drake's attack.
As you read the scroll labeled CURYUCL UZISM, it crumbles to dust.
This is a scroll of acquirement! [a] Weapon [b] Armour [c] Jewellery [d] Book [e] Staff [f] Evocable [g] Food [h] Gold (you have $875)
What kind of item would you like to acquire? [\] known items Something appears at your feet!
The rime drake breathes ice at you. The flash freeze hits you!!
You die...

###.. ### ##.... ..
###.####..... ##.
#........##.#+ #.D
#.#..#+###.... ..#
#.#.....##.... ##kk
#.#.....#..... ###.#k####
#.#.....#...⌠.
##....k#k@###§##..⌠..#....
#.§≈§.k.k..##.##..........
..§§§.k..[..†..##.......⌠.
....8..†...[†.####........
..........†...P# #...÷.÷>.
..#P#P##.P...%## ###......
# #### ##....## #...÷..⌠.
#P..## ####.†... #..##
###...


You could see 4 rime drakes.

Vanquished Creatures
  Gastronok (Lair:3)
  Erolcha (D:12)
  A fire dragon (Lair:5)
  2 hydras
  A death knight (D:8)
  4 two-headed ogres
  The ghost of Bucky5 the Grappler, a novice TrBe of Trog (D:9)
  Sonja (D:9)
  Nergalle (D:10)
  2 unseen horrors
  A wizard (D:9)
  Pikel (D:4)
  A wolf spider (Lair:4)
  A cyclops (D:11)
  The ghost of Marhog the Changer, a novice OpTm of Okawaru (D:6)
  Maurice (D:11)
  An ugly thing (D:11)
  Joseph (D:7)
  6 black mambas
  4 spiny frogs
  A gargoyle (D:10)
  12 rime drakes (Lair:5)
  8 komodo dragons
  A troll (D:10)
  7 dream sheep (Lair:5)
  4 blink frogs (Lair:4)
  3 hippogriffs
  A slime creature (D:8)
  2 redbacks (Lair:4)
  Eustachio (D:5)
  4 wyverns
  A spriggan (D:7)
  7 steam dragons (Lair:5)
  12 yaks
  2 hungry ghosts
  A soldier ant (D:8)
  6 water moccasins
  9 porcupines
  3 sky beasts (D:8)
  3 ice beasts
  3 orc warriors
  4 black bears
  7 ogres
  2 necrophages
  4 slaves (D:4)
  3 phantoms
  7 centaurs
  11 crocodiles
  18 bullfrogs
  A gnoll sergeant (D:9)
  2 wyvern zombies
  6 scorpions
  13 killer bees
  4 howler monkeys
  7 wights
  7 crimson imps
  2 centaur zombies
  3 bullfrog zombies
  5 jellies
  10 hounds
  2 gnoll shamans
  2 centaur skeletons
  9 orc priests
  A bullfrog skeleton (D:11)
  Jessica (D:3)
  4 iguanas
  20 orc wizards
  7 worker ants
  2 hound zombies (D:8)
  A worker ant zombie (D:7)
  12 gnolls
  9 adders
  2 shadow imps
  2 oozes
  3 adder skeletons
  2 worms
  5 leopard geckos
  68 orcs
  8 bats (D:1)
  4 giant cockroaches
  8 goblins
  8 hobgoblins
  15 jackals
  7 kobolds
  3 quokkas
  A frilled lizard (D:2)
  2 jackal zombies
  A leopard gecko zombie (D:8)
  A quokka skeleton (D:4)
  A quokka zombie (D:6)
  5 rats
  2 fungi
458 creatures vanquished.

Vanquished Creatures (collateral kills)
  A hydra (Lair:1)
  A hippogriff (D:9)
  A bullfrog (Lair:1)
3 creatures vanquished.

Vanquished Creatures (others)
  A centaur (D:8)
  A quasit (D:12)
  25 fungi
  10 plants (D:10)
37 creatures vanquished.

Grand Total: 498 creatures vanquished

Notes
Turn   | Place    | Note
-------+----------+-------------------------------------------
     0 | D:1      | sanboga the Minotaur Berserker began the quest for the Orb.
     0 | D:1      | Reached XP level 1. HP: 19/19 MP: 0/0
     9 | D:1      | Noticed a bullfrog
   103 | D:1      | Reached skill level 4 in Axes
   121 | D:1      | Reached XP level 2. HP: 26/27 MP: 1/1
   381 | D:1      | Reached XP level 3. HP: 33/33 MP: 2/2
   503 | D:1      | Found a shimmering altar of Xom.
   526 | D:1      | Reached ** piety under Trog
  1102 | D:3      | Noticed an orc warrior
  1125 | D:2      | Killed an orc warrior
  1125 | D:2      | Reached skill level 5 in Axes
  1125 | D:2      | Reached skill level 1 in Unarmed Combat
  1125 | D:2      | Reached XP level 4. HP: 22/41 MP: 3/3
  1331 | D:3      | Reached XP level 5. HP: 42/47 MP: 4/4
  1732 | D:3      | Noticed Jessica
  1738 | D:3      | Killed Jessica
  1738 | D:3      | Reached XP level 6. HP: 54/55 MP: 3/5
  1827 | D:3      | Reached skill level 5 in Fighting
  1918 | D:4      | Reached skill level 6 in Axes
  2173 | D:4      | Found a staircase to the Ecumenical Temple.
  2205 | D:4      | Reached XP level 7. HP: 39/61 MP: 2/6
  2526 | D:4      | Noticed Pikel
  2554 | D:4      | Killed Pikel
  2554 | D:4      | Reached skill level 7 in Axes
  2554 | D:4      | Reached skill level 5 in Armour
  2554 | D:4      | Reached XP level 8. HP: 55/70 MP: 5/7
  2750 | D:5      | Entered Level 5 of the Dungeon
  2812 | D:5      | Found a sacrificial altar of Ru.
  2925 | D:5      | Noticed Blork the orc
  3280 | D:5      | Reached *** piety under Trog
  3280 | D:5      | Reached skill level 8 in Axes
  3318 | D:5      | Noticed Eustachio
  3355 | D:5      | Killed Eustachio
  3532 | D:5      | Found a shimmering altar of Xom.
  3536 | D:5      | Found a sparkling altar of Nemelex Xobeh.
  3536 | D:5      | Found an ornate altar of the Wu Jian Council.
  3549 | D:5      | Found an opulent altar of Gozag.
  3553 | D:5      | Found a shadowy altar of Dithmenos.
  3789 | D:5      | Found a shimmering blue altar of Sif Muna.
  3932 | D:6      | Found a transporter.
  3934 | D:6      | Noticed Marhog's ghost (novice OpTm)
  3967 | D:6      | Reached skill level 9 in Axes
  3975 | D:6      | Killed Marhog's ghost
  3975 | D:6      | Reached skill level 5 in Unarmed Combat
  3975 | D:6      | Reached XP level 9. HP: 79/79 MP: 8/8
  3989 | D:6      | Found a transporter.
  4356 | D:6      | Found a glowing silver altar of Zin.
  4479 | D:6      | Found a glowing golden altar of the Shining One.
  4811 | D:7      | Reached skill level 10 in Axes
  4915 | D:7      | Reached skill level 5 in Shields
  5163 | D:7      | Noticed Joseph
  5184 | D:7      | Killed Joseph
  5201 | D:7      | Reached **** piety under Trog
  5428 | D:8      | Reached XP level 10. HP: 86/88 MP: 9/9
  5433 | D:8      | Found a stormy altar of Qazlal.
  5440 | D:8      | Found a blossoming altar of Fedhas.
  5566 | D:8      | Reached skill level 11 in Axes
  6203 | D:8      | Noticed a two-headed ogre
  6209 | D:8      | Killed a two-headed ogre
  6217 | D:8      | Noticed a death knight
  6237 | D:8      | Killed a death knight
  6237 | D:8      | Reached skill level 12 in Axes
  6912 | D:8      | Reached XP level 11. HP: 97/97 MP: 10/10
  7093 | D:8      | Found Viuw's General Store.
  7099 | D:8      | Noticed a two-headed ogre
  7101 | D:8      | Bought a potion of mutation for 128 gold pieces
  7101 | D:8      | Bought a scroll of enchant armour for 120 gold pieces
  7110 | D:8      | Killed a two-headed ogre
  7757 | D:9      | Reached ***** piety under Trog
  8044 | D:9      | Found a runed translucent door.
  8051 | D:9      | Noticed Bucky5's ghost (novice TrBe)
  8051 | D:9      | Noticed a wizard
  8128 | D:9      | Killed Bucky5's ghost
  8128 | D:9      | Reached skill level 13 in Axes
  8131 | D:9      | Killed a wizard
  8253 | D:10     | Entered Level 10 of the Dungeon
  8253 | D:10     | Noticed Sonja
  8359 | D:10     | Noticed a two-headed ogre
  8363 | D:10     | Reached skill level 10 in Fighting
  8374 | D:9      | Killed Sonja
  8642 | D:10     | Killed a two-headed ogre
  8787 | D:10     | Noticed Nergalle
  9426 | D:10     | Killed Nergalle
  9429 | D:10     | Killed an unseen horror
  9429 | D:10     | Reached skill level 10 in Armour
  9429 | D:10     | Reached XP level 12. HP: 107/107 MP: 8/11
  9545 | D:10     | Noticed a two-headed ogre
  9553 | D:10     | Received a gift from Trog
  9562 | D:10     | Killed a two-headed ogre
  9562 | D:10     | Reached skill level 14 in Axes
  9633 | D:10     | Found a staircase to the Orcish Mines.
  9770 | D:10     | Found a staircase to the Lair.
 10066 | D:11     | Noticed Maurice
 10093 | D:11     | Killed Maurice
 10359 | D:11     | Received a gift from Trog
 11201 | D:12     | Noticed Erolcha
 11211 | D:12     | Killed Erolcha
 11303 | Lair:1   | Entered Level 1 of the Lair of Beasts
 11419 | Lair:1   | Noticed a four-headed hydra
 11441 | Lair:1   | Killed a seven-headed hydra
 11600 | Lair:1   | Reached skill level 10 in Shields
 11611 | Lair:1   | Reached skill level 15 in Axes
 12040 | Lair:2   | Noticed a seven-headed hydra
 12050 | Lair:2   | Killed a ten-headed hydra
 12508 | Lair:2   | Found a sparkling altar of Nemelex Xobeh.
 12591 | Lair:2   | Reached XP level 13. HP: 116/116 MP: 12/12
 12625 | Lair:2   | Got a smoking war axe
 12626 | Lair:2   | Identified the +9 war axe "Lytrag" {speed, rF- Int+7} (You
                  | found it on level 2 of the Lair of Beasts)
 13095 | Lair:3   | Noticed Gastronok
 13109 | Lair:3   | Killed Gastronok
 13109 | Lair:3   | Reached skill level 10 in Unarmed Combat
 14019 | Lair:4   | Received a gift from Trog
 14035 | Lair:4   | Reached ****** piety under Trog
 14417 | Lair:4   | Found a staircase to the Shoals.
 14559 | Lair:4   | Found a hole to the Spider Nest.
 14712 | Lair:5   | Reached skill level 16 in Axes
 14749 | Lair:5   | Noticed a fire dragon
 14763 | Lair:5   | Killed a fire dragon
 14769 | Lair:5   | HP: 6/177 [lindwurm/blast of flame (18)]
 14773 | Lair:5   | Identified a scroll of acquirement
 14773 | Lair:5   | Killed from afar by a rime drake

Skill      XL: |  1  2  3  4  5  6  7  8  9 10 11 12 13 |
---------------+----------------------------------------+-----
Axes           | 4 5 6 7 9 10 12 13 15 16 | 16.3
Fighting       | 4 5 6 7 8 9 10 11 12 | 12.2
Armour         | 3 4 5 6 7 8 10 11 | 11.9
Unarmed Combat | 1 2 3 5 6 7 8 9 10 | 10.7
Shields        | 2 4 5 7 8 10 11 | 11.2
Dodging        | |  2.1

Action                   |  1- 3 |  4- 6 |  7- 9 | 10-12 | 13-15 || total
-------------------------+-------+-------+-------+-------+-------++-------
Melee: Hand axe          |    81 |    75 |   315 |   121 |       ||   592
       Headbutt          |     9 |    10 |    71 |   172 |    50 ||   312
       Punch             |       |     1 |       |       |       ||     1
       War axe           |       |       |       |   444 |   155 ||   599
       Broad axe         |       |       |       |   156 |    16 ||   172
Invok: Berserk           |     1 |     2 |     2 |     7 |     2 ||    14
       Trog's Hand       |       |       |       |     1 |       ||     1
       Brothers in Arms  |       |       |       |     1 |       ||     1
  Use: Scroll            |     6 |     2 |    11 |     9 |     2 ||    30
       Potion            |       |       |     1 |     3 |     3 ||     7
  Eat: Chunk             |     1 |     5 |     9 |    24 |     4 ||    43
       Ration            |       |       |     1 |     3 |     1 ||     5
Armor: Animal skin       |    10 |       |       |       |       ||    10
       Scale mail        |    12 |       |       |       |       ||    12
       Plate armour      |       |    42 |   156 |   292 |    70 ||   560
Dodge: Dodged            |    53 |    22 |    53 |   125 |    11 ||   264
Block: Shield            |       |    10 |   174 |   454 |    93 ||   731
       Reflection        |       |       |     7 |     6 |     5 ||    18
